 Dungeon Crawl Stone Soup version 0.22.1-2-g9c5b331 (webtiles) character file.

18 havocjr2 the Vexing (level 2, -1/16 HPs)
             Began as a Kobold Arcane Marksman on Dec 24, 2018.
             Slain by a kobold
             ... wielding a +0 dagger
              (3 damage)
             ... on level 1 of the Dungeon.
             The game lasted 00:04:12 (275 turns).

havocjr2 the Vexing (Kobold Arcane Marksman)         Turns: 275, Time: 00:04:13

Health: -1/16      AC:  3    Str:  7    XL:     2   Next: 90%
Magic:  4/4        EV: 14    Int: 14    God:
Gold:   21         SH:  0    Dex: 15    Spells: 2/3 levels left

rFire    . . .     SeeInvis .   a - +0 hand crossbow
rCold    . . .     Gourm    .   (shield restricted)
rNeg     . . .     Faith    .   g - +0 leather armour
rPois    .         Spirit   .   (no helmet)
rElec    .         Reflect  .   (no cloak)
rCorr    .         Harm     .   (no gloves)
MR       .....                  (no boots)
Stlth    +.........             (no amulet)
HPRegen  0.05/turn              (no ring)
MPRegen  0.09/turn              (no ring)

@: no status effects
A: small, carnivore
a: no special abilities


You were on level 1 of the Dungeon.
You were completely stuffed.

You visited 1 branch of the dungeon, and saw 1 of its levels.

You collected 21 gold pieces.

Inventory:

Hand Weapons
 a - a +0 hand crossbow (weapon)
Missiles
 b - 32 stones
 d - a bolt (quivered)
 j - 15 poisoned needles
Armour
 e - a +0 robe
 g - a +0 leather armour (worn)
Scrolls
 c - a scroll of remove curse {unknown}
 h - a scroll of identify {unknown}
Comestibles
 f - 2 rations
 i - a chunk of flesh


   Skills:
 + Level 1.5 Fighting
 + Level 2.7 Crossbows
 + Level 2.7 Dodging
 + Level 1.4 Spellcasting
 + Level 3.1 Hexes


You had 2 spell levels left.
You knew the following spells:

 Your Spells              Type           Power        Failure   Level  Hunger
a - Corona                Hex            #......      11%         1    ##.....

Your spell library contained the following spells:

 Spells                   Type           Power        Failure   Level  Hunger
 Slow                     Hex            #.......     16%         2    ###....
 Inner Flame              Hex/Fire       #.......     52%         3    ####...
 Portal Projectile        Hex/Tloc       #.....       52%         3    ####...
 Cause Fear               Hex            #.........   71%         4    #####..
 Leda's Liquefaction      Hex/Erth       #.........   89%         4    #####..


Dungeon Overview and Level Annotations

Branches:
Dungeon (1/15)

Altars:


Innate Abilities, Weirdness & Mutations

You are small and have problems with some larger weapons.
You are carnivorous and can eat meat at any time.


Message History

Press: ? - help, Shift-Dir - straight line, f - kobold, p - frilled lizard
Aim: a kobold, wielding a dagger You shoot a bolt.
The bolt misses the kobold.
The bolt closely misses the frilled lizard.
The kobold misses you. x2
The frilled lizard closely misses you. The kobold misses you.
Found an escape hatch in the floor.
The frilled lizard misses you. The frilled lizard barely misses you.
The frilled lizard bites you but does no damage.
The kobold hits you but does no damage.
You see here a bolt.
The kobold hits you but does no damage.
Found 12 gold pieces.
The frilled lizard closely misses you.
You see here a bolt.
d - a bolt The frilled lizard closely misses you.
The kobold hits you with a dagger.
You die...

...........#####...>....#
.(..##.....#....$#......##
....†........#
##........## ....##......#
#..........# .......###..#
#..(...(...# [.####.#
#..## #..........# ###
#.###l..# #.(........# #
#.....#.###..........# #
###..##()..@l.......## #
#.l######.K.......# #
#..######).........#
##..##....(.....(...#
#####....>..(#..........#
..............#..........#
..............#....(.....#
...#..........##?.......##
..............###.....$##


You could see a kobold and a frilled lizard.

Vanquished Creatures
  A dart slug (D:1)
  A leopard gecko (D:1)
  2 giant cockroaches (D:1)
  2 hobgoblins (D:1)
  3 kobolds (D:1)
  2 bats (D:1)
  3 frilled lizards (D:1)
  A rat (D:1)
15 creatures vanquished.

Notes
Turn   | Place    | Note
-------+----------+-------------------------------------------
     0 | D:1      | havocjr2 the Kobold Arcane Marksman began the quest for the
                  | Orb.
     0 | D:1      | Reached XP level 1. HP: 12/12 MP: 2/2
    67 | D:1      | Reached XP level 2. HP: 16/16 MP: 3/3
   275 | D:1      | Slain by a kobold

Action                   || total
-------------------------++-------
Melee: Hand crossbow     ||     2
 Fire: Hand crossbow     ||    39
Throw: Stone             ||     5
  Eat: Chunk             ||     6
Armor: Robe              ||     3
       Leather armour    ||     7
Dodge: Dodged            ||    56
